 Dungeon Crawl Stone Soup version 0.30-a0-23-ge60ba3568b (webtiles) character file.

Game seed: 1755142639693708932

5 SensoryNuts the Trooper (level 1, 0/20 HPs)
             Began as a Hill Orc Fighter on Aug 25, 2022.
             Slain by a hobgoblin (1 damage)
             ... on level 1 of the Dungeon.
             The game lasted 00:00:09 (125 turns).

SensoryNuts the Trooper (Hill Orc Fighter)           Turns: 125, Time: 00:00:09

Health: 0/20       AC:  6    Str: 18    XL:     1   Next: 80%
Magic:  1/1        EV:  9    Int:  8    God:
Gold:   0          SH:  4    Dex: 10    Spells: 0/0 levels left

rFire   . . .      SeeInvis .    a - +0 war axe
rCold   . . .      Faith    .    c - +0 buckler
rNeg    . . .      Spirit   .    b - +0 scale mail
rPois   .          Reflect  .    (no helmet)
rElec   .          Harm     .    (no cloak)
rCorr   .          Rampage  .    (no gloves)
Will    .....                    (no boots)
Stlth   ..........               (no amulet)
HPRegen 0.06/turn                (no ring)
MPRegen 0.07/turn                (no ring)

@: mighty
A: no striking features
a: no special abilities


You were on level 1 of the Dungeon.
You visited 1 branch of the dungeon, and saw 1 of its levels.

Inventory:

Hand Weapons
 a - a +0 war axe (weapon)
Armour
 b - a +0 scale mail (worn)
 c - a +0 buckler (worn)
Scrolls
 e - 2 scrolls of identify {unknown}
 f - a scroll of teleportation {unknown}


   Skills:
 + Level 3.8 Fighting
 + Level 2.7 Axes
 + Level 3.4 Armour
 + Level 3.3 Shields


You couldn't memorise any spells.
You didn't know any spells.
Your spell library was empty.

Dungeon Overview and Level Annotations

Branches:
Dungeon (1/15)

Altars:


Message History

The jackal bites you but does no damage. x2
The giant cockroach closely misses you. You block the hobgoblin's attack.
The jackal bites you. The jackal barely misses you.
Unknown command.
You miss the jackal.
The jackal is moderately wounded.
You hit the hobgoblin but do no damage.
You hit the giant cockroach but do no damage.
You barely miss the jackal. The bat barely misses you.
The giant cockroach closely misses you. The bat hits you but does no damage.
The jackal bites you. x2; The hobgoblin hits you.
* * * LOW HITPOINT WARNING * * *
The giant cockroach barely misses you. The bat misses you.
The jackal barely misses you.
You are too injured to fight recklessly!
Unknown command.
You are too injured to fight recklessly!
Unknown command.
You are too injured to fight recklessly!
You feel very mighty all of a sudden. The bat barely misses you.
The jackal bites you but does no damage.
The hobgoblin hits you but does no damage.
The giant cockroach closely misses you. The jackal barely misses you.
The jackal bites you.
* * * LOW HITPOINT WARNING * * *
You closely miss the hobgoblin. You barely miss the giant cockroach.
You slash the jackal!
You kill the jackal!
You closely miss the jackal. You closely miss the quokka.
The bat barely misses you.
The giant cockroach bites you but does no damage.
The quokka completely misses you.
The jackal bites you but does no damage.
The hobgoblin hits you but does no damage.
The giant cockroach bites you.
* * * LOW HITPOINT WARNING * * *
The quokka closely misses you. The jackal barely misses you.
The hobgoblin hits you.
You die...

... #.....(......
#..#####........#...
#...............# .
#.........##....#.
##.#####......^...
##. ######.........
#...#..............
#..................
#.....h@B.........
##....rg..........
#................
#......b.........
#................
#$..............
#..............
#..............


You could see a quokka, a jackal, a giant cockroach, a hobgoblin and a bat.

Vanquished Creatures
  A ball python (D:1)
  A jackal (D:1)
  A quokka (D:1)
  A bat (D:1)
  A frilled lizard (D:1)
  A kobold (D:1)
  A rat (D:1)
7 creatures vanquished.

Notes
Turn   | Place    | Note
-------+----------+-------------------------------------------
     0 | D:1      | SensoryNuts the Hill Orc Fighter began the quest for the
                  | Orb.
     0 | D:1      | Reached XP level 1. HP: 19/19 MP: 1/1
    89 | D:1      | Found a faded altar of an unknown god.
   125 | D:1      | HP: 1/20 [giant cockroach (1)]
   125 | D:1      | Slain by a hobgoblin

Illustrated notes

Levels and vault maps discovered:
D:1:      eino_arrival_water_cross, layout_basic,
          hellmonk_ecumenical_altar_lost_god, wad_floor_pattern_1

Action                   || total
-------------------------++-------
Melee: War axe           ||    13
  Use: Potion            ||     1
Armor: Scale mail        ||    15
Dodge: Dodged            ||    24
Block: Buckler           ||     9

Table legend: (Time is in decaauts)
 A = Elapsed time spent in this place.
 B = Non-inter-level travel time spent in this place.
 C = Inter-level travel time spent in this place.
 D = Time resting spent in this place.
 E = Time spent auto-exploring this place.
 F = Levels seen in this place.
 G = Mean time per level.
                   A        B        C        D        E       F      G
               +--------+--------+--------+--------+--------+-----+--------+
         Total |    129 |    129 |      0 |      0 |     94 |   1 |  129.0 |
       Dungeon |    129 |    129 |      0 |      0 |     94 |   1 |  129.0 |
               +--------+--------+--------+--------+--------+-----+--------+

Top non-repeatable levels by time:
     D:1: 129 daAuts
